 Dungeon Crawl Stone Soup version 0.30-a0-622-gddc90eaa04 (webtiles) character file.

Game seed: 5760536162704556759

4627 themarg the Martial Artist (level 10, -17/91 HPs)
             Began as a Gnoll Transmuter on Jan 11, 2023.
             Was a Priest of Qazlal.
             Demolished by a two-headed ogre
             ... wielding a +0 giant club
              (21 damage)
             ... on level 7 of the Dungeon.
             The game lasted 00:14:41 (9789 turns).

themarg the Martial Artist (Gnoll Transmuter)       Turns: 9789, Time: 00:14:42

Health: -17/91     AC:  7    Str:  9    XL:     10   Next: 42%
Magic:  12/21      EV: 12    Int: 17    God:    Qazlal [***...]
Gold:   460        SH:  4    Dex: 13    Spells: 14/24 levels left

rFire   x . .      SeeInvis .      - Unarmed
rCold   + + +      Faith    .    (shield currently unavailable)
rNeg    . . .      Spirit   .    (body armour currently unavailable)
rPois   +          Reflect  .    (helmet currently unavailable)
rElec   .          Harm     .    (cloak currently unavailable)
rCorr   .          Rampage  .    (gloves currently unavailable)
Will    .....                    (boots currently unavailable)
Stlth   ++                       (no amulet)
HPRegen 0.35/turn                n - +4 ring of slaying
MPRegen 0.17/turn                (no ring)

@: ice-form
A: freezing attack, amphibious, boosted hp, large, (fangs 1), strong nose,
distributed training
a: End Transformation, Renounce Religion, Upheaval, Elemental Force


You were on level 7 of the Dungeon.
You worshipped Qazlal.
Qazlal was most pleased with you.
You were a creature of crystalline ice.
You visited 1 branch of the dungeon, and saw 7 of its levels.

You collected 460 gold pieces.

Inventory:

Hand Weapons
 t - the +3 whip of Doom {heavy, rC- Str+3 Int+3}
   (You found it on level 4 of the Dungeon)

   Str:       It affects your strength (+3).
   Int:       It affects your intelligence (+3).
   rC:        It makes you vulnerable to cold.
Missiles
 c - 68 stones
 i - 19 poisoned darts
 r - 2 throwing nets
 y - a curare-tipped dart
 D - 2 boomerangs
Armour
 a - a +0 robe (melded)
Jewellery
 n - a +4 ring of slaying (left front paw)
 v - a ring of fire
 A - a ring of flight
 E - a ring of protection from fire
 F - a ring of magical power
Wands
 o - a wand of flame (4)
 w - a wand of mindburst (2)
 C - a wand of acid (11)
Scrolls
 d - 2 scrolls of noise {unknown}
 g - 6 scrolls of fog
 j - 2 scrolls of teleportation {unknown}
 m - a scroll of butterflies {unknown}
 q - a scroll of vulnerability {unknown}
 s - a scroll of fear {unknown}
 z - a scroll of magic mapping {unknown}
 B - a scroll of brand weapon {unknown}
Potions
 b - 3 potions of lignification
 e - 2 potions of heal wounds
 f - 2 potions of mutation
 h - a potion of magic {unknown}
 k - 4 potions of might
 l - a potion of haste {unknown}
 p - 4 potions of curing
 u - a potion of attraction {unknown}
 x - 3 potions of brilliance


   Skills:
 + Level 6.1 Fighting
 + Level 5.4 Short Blades
 + Level 5.4 Long Blades
 + Level 5.4 Axes
 + Level 5.4 Maces & Flails
 + Level 5.4 Polearms
 + Level 5.4 Staves
 + Level 5.4 Ranged Weapons
 + Level 5.4 Throwing
 + Level 5.4 Armour
 + Level 7.2 Dodging
 + Level 5.4 Stealth
 + Level 5.4 Shields
 + Level 8.6 Unarmed Combat
 + Level 7.5 Spellcasting
 + Level 4.5 Conjurations
 + Level 4.5 Hexes
 + Level 4.5 Summonings
 + Level 4.5 Necromancy
 + Level 4.5 Translocations
 + Level 6.0 Transmutations
 + Level 4.5 Fire Magic
 + Level 4.5 Ice Magic
 + Level 4.5 Air Magic
 + Level 4.5 Earth Magic
 + Level 4.5 Poison Magic
 + Level 6.0 Invocations
 + Level 5.4 Evocations


You had 14 spell levels left.
You knew the following spells:

 Your Spells              Type           Power      Damage    Failure   Level
a - Beastly Appendage     Tmut           52%        N/A       1%          1
b - Wereblood             Tmut           26%        N/A       1%          2
c - Spider Form           Tmut/Pois      24%        N/A       3%          3
d - Ice Form              Ice/Tmut       24%        N/A       13%         4

Your spell library contained the following spells:

 Spells                   Type           Power      Damage    Failure   Level
 Sandblast                Erth           42%        2d11      1%          1
 Passwall                 Tmut/Erth      20%        N/A       1%          2
 Ensorcelled Hibernation  Hex/Ice        42%        N/A       2%          2
 Call Canine Familiar     Summ           21%        N/A       5%          3
 Gell's Gravitas          Tloc           21%        N/A       5%          3
 Lesser Beckoning         Tloc           42%        N/A       5%          3
 Portal Projectile        Hex/Tloc       42%        N/A       5%          3
 Stone Arrow              Conj/Erth      42%        3d9       5%          3
 Swiftness                Air            21%        N/A       5%          3
 Teleport Other           Tloc           21%        N/A       5%          3
 Leda's Liquefaction      Hex/Erth       10%        N/A       17%         4


Dungeon Overview and Level Annotations

Branches:
Dungeon (7/15)             Temple (0/1) D:6

Altars:
Cheibriados
Dithmenos
Gozag
Hepliaklqana
Qazlal
Ru
Sif Muna
Uskayaw
Vehumet
Wu Jian
Xom
Zin
The Shining One

Shops:
D:4 *

Annotations:
D:5 1 runed translucent door


Innate Abilities, Weirdness & Mutations

You are a creature of crystalline ice.
You have a powerful freezing melee attack.
You are amphibious.
Your maximum health is increased.
Your armour is entirely melded.
You are incapable of wielding weapons or throwing items.
((You have very sharp teeth.))
Your uncanny sense of smell can sniff out nearby items.
Your experience applies equally to all skills.


Message History

The gargoyle is severely damaged.
The gargoyle hits you with a +0 mace!
Your magical contamination has completely faded away.
You barely miss the gargoyle.
The gargoyle is severely damaged.
The gargoyle hits you with a +0 mace!
You hit the gargoyle. You freeze the gargoyle.
You destroy the gargoyle!
Qazlal accepts your kill.
Your Transmutations skill increases to level 6!
Your Invocations skill increases to level 6!
The two-headed ogre hits you with a +0 giant club!!
The two-headed ogre hits you with a +0 giant spiked club!!
* * * LOW HITPOINT WARNING * * *
You see here a +0 mace.
You hit the two-headed ogre. You freeze the two-headed ogre.
The two-headed ogre is lightly wounded.
The two-headed ogre hits you with a +0 giant club!
* * * LOW HITPOINT WARNING * * *
The two-headed ogre misses you.
You punch the two-headed ogre! You freeze the two-headed ogre!
The two-headed ogre is heavily wounded.
You hit the two-headed ogre. You freeze the two-headed ogre.
The two-headed ogre is severely wounded.
The two-headed ogre hits you with a +0 giant club!
* * * LOW HITPOINT WARNING * * *
You block the two-headed ogre's attack.
Aiming: Upheaval
Press: ? - help, Dir - move target, f - two-headed ogre
Aim: a two-headed ogre, wielding a +0 giant club and a +0 giant spiked club (severely wounded) That beam is likely to hit you.
Continue anyway?
A storm cloud blasts the area with cutting wind!
The cutting wind hits the two-headed ogre!
The two-headed ogre is almost dead.
You barely miss the two-headed ogre.
The two-headed ogre is almost dead.
The two-headed ogre hits you with a +0 giant club.
* * * LOW HITPOINT WARNING * * *
The two-headed ogre hits you with a +0 giant spiked club!!
You die...

........#.## ##.#..####.# #..##
.......##.# #.##.## #.## ##...
.##....#.## ##.#..####.# ##..#
.##...##.# ####.##...##.####.###
....#########...#####..........#
..###..#.........#..###.....#..##
###......#######.#.#..###...##..#
#.#.#.#..# ...#.#.#.#..###...##.
.#.#.#...# #.#Y#.#.#.#..###...#
.......#.# ∆#.'O#.#.#.#.#)..##.#
.#.#.#.#.# #.#...#.#)#..###....
#.#.#.##.# ...#...#.#..###......
###....#.#######...#))###....####
..###..#.....)...#..###...#..#
....#####...#########...####.#
.##...##.........##...### #.# #
.......#.........#....## #.# ##


You could see a two-headed ogre.

Vanquished Creatures
  Pikel (D:7)
  An unseen horror (D:7)
  A gargoyle (D:7)
  A yak (D:7)
  A wyvern (D:7)
  A steam dragon (D:7)
  A vampire mosquito (D:5)
  Duvessa (D:7)
  2 ice beasts
  A black bear (D:5)
  4 ogres
  2 sky beasts
  A centaur (D:7)
  A phantom (D:6)
  A kobold brigand (D:6)
  3 lemures (D:7)
  A gnoll sergeant (D:5)
  6 scorpions
  3 bullfrogs
  3 wights (D:7)
  Dowan (D:7)
  5 killer bees
  A howler monkey (D:6)
  6 hounds
  2 jellies (D:5)
  2 orc priests
  A gnoll bouda (D:7)
  6 iguanas
  Ijyb (D:4)
  4 orc wizards
  8 gnolls (D:5)
  6 adders
  A white imp (D:7)
  2 ufetubi
  2 worms (D:2)
  2 dart slugs
  29 orcs
  2 bats (D:1)
  6 endoplasms
  9 giant cockroaches
  10 goblins
  3 hobgoblins
  4 jackals (D:5)
  2 quokkas
  10 ball pythons
  5 frilled lizards
  9 kobolds
  7 rats
  A butterfly (D:5)
183 creatures vanquished.

Notes
Turn   | Place    | Note
-------+----------+-------------------------------------------
     0 | D:1      | themarg the Gnoll Transmuter began the quest for the Orb.
     0 | D:1      | Reached XP level 1. HP: 17/17 MP: 6/6
     2 | D:1      | Noticed a spriggan
     2 | D:1      | Noticed an octopode
     4 | D:1      | Noticed an ogre
     4 | D:1      | Noticed a tengu
     6 | D:1      | Noticed a human
     6 | D:1      | Noticed an armataur
     8 | D:1      | Noticed a troll
    10 | D:1      | Noticed an elf
    12 | D:1      | Noticed a draconian
    14 | D:1      | Noticed a meteoran
    14 | D:1      | Noticed a vine stalker
    16 | D:1      | Noticed a ghoul
    16 | D:1      | Noticed a naga
    18 | D:1      | Noticed a formicid
    18 | D:1      | Noticed a minotaur
    20 | D:1      | Noticed a demonspawn
    20 | D:1      | Noticed a vampire
    22 | D:1      | Noticed a felid
    22 | D:1      | Noticed a merfolk
    25 | D:1      | Noticed a demigod
    25 | D:1      | Noticed a draconian
    27 | D:1      | Noticed a spriggan
    27 | D:1      | Noticed an elf
   159 | D:1      | Reached XP level 2. HP: 23/23 MP: 5/7
   162 | D:1      | Learned a level 2 spell: Wereblood
   626 | D:1      | Reached skill level 5 in Spellcasting
   626 | D:1      | Reached XP level 3. HP: 26/28 MP: 6/9
   630 | D:1      | Learned a level 3 spell: Spider Form
   698 | D:1      | You fall into a shaft and drop 1 floor!
   857 | D:2      | Reached skill level 1 in Invocations
  1778 | D:2      | Reached skill level 1 in Short Blades
  1778 | D:2      | Reached skill level 1 in Long Blades
  1778 | D:2      | Reached skill level 1 in Axes
  1778 | D:2      | Reached skill level 1 in Maces & Flails
  1778 | D:2      | Reached skill level 1 in Polearms
  1778 | D:2      | Reached skill level 1 in Staves
  1778 | D:2      | Reached skill level 1 in Ranged Weapons
  1778 | D:2      | Reached skill level 1 in Throwing
  1778 | D:2      | Reached skill level 1 in Armour
  1778 | D:2      | Reached skill level 1 in Stealth
  1778 | D:2      | Reached skill level 1 in Shields
  1778 | D:2      | Reached skill level 1 in Evocations
  2252 | D:2      | Reached XP level 4. HP: 34/34 MP: 3/11
  2499 | D:2      | Reached skill level 1 in Conjurations
  2499 | D:2      | Reached skill level 1 in Hexes
  2499 | D:2      | Reached skill level 1 in Summonings
  2499 | D:2      | Reached skill level 1 in Necromancy
  2499 | D:2      | Reached skill level 1 in Translocations
  2499 | D:2      | Reached skill level 1 in Fire Magic
  2499 | D:2      | Reached skill level 1 in Ice Magic
  2499 | D:2      | Reached skill level 1 in Air Magic
  2499 | D:2      | Reached skill level 1 in Earth Magic
  2499 | D:2      | Reached skill level 1 in Poison Magic
  2752 | D:3      | Reached XP level 5. HP: 40/40 MP: 5/12
  3067 | D:3      | Found a faded altar of an unknown god.
  3084 | D:3      | Prayed at the altar of an unknown god.
  3084 | D:3      | Became a worshipper of Qazlal Stormbringer
  3084 | D:3      | Reached * piety under Qazlal
  3141 | D:3      | Found a sacrificial altar of Ru.
  3144 | D:3      | Found a sacrificial altar of Ru.
  3144 | D:3      | Found a sacrificial altar of Ru.
  3147 | D:3      | Found a radiant altar of Vehumet.
  3147 | D:3      | Found a shimmering altar of Xom.
  3147 | D:3      | Found a shadowy altar of Dithmenos.
  3521 | D:3      | Found a glowing silver altar of Zin.
  3521 | D:3      | Found an opulent altar of Gozag.
  3944 | D:4      | Noticed an ogre
  3957 | D:4      | Killed an ogre
  3958 | D:4      | Reached XP level 6. HP: 47/47 MP: 11/14
  3961 | D:4      | Reached skill level 5 in Dodging
  4161 | D:4      | Found a hazy altar of Hepliaklqana.
  4206 | D:4      | Identified the +3 whip of Doom {heavy, rC- Str+3 Int+3}
  4289 | D:4      | Found a snail-covered altar of Cheibriados.
  4491 | D:4      | Noticed Ijyb
  4499 | D:4      | Killed Ijyb
  4575 | D:4      | Found Fuohaliv's Elemental Accessories.
  4690 | D:5      | Entered Level 5 of the Dungeon
  4704 | D:5      | Reached skill level 7 in Unarmed Combat
  4704 | D:5      | Reached XP level 7. HP: 28/52 MP: 10/15
  5222 | D:5      | Found a runed translucent door.
  5225 | D:5      | Found a runed translucent door.
  5228 | D:5      | Noticed a vampire mosquito
  5274 | D:5      | Reached ** piety under Qazlal
  5342 | D:5      | Reached XP level 8. HP: 43/60 MP: 13/16
  5852 | D:5      | Found a radiant altar of Vehumet.
  5887 | D:5      | Found a shimmering blue altar of Sif Muna.
  5957 | D:5      | Learned a level 4 spell: Ice Form
  6074 | D:6      | Reached skill level 5 in Transmutations
  6177 | D:6      | Reached XP level 9. HP: 66/66 MP: 14/18
  6220 | D:6      | Found an ornate altar of the Wu Jian Council.
  6428 | D:6      | Reached skill level 5 in Fighting
  6624 | D:6      | Found a glowing golden altar of the Shining One.
  7422 | D:6      | Found a staircase to the Ecumenical Temple.
  7627 | D:7      | Reached skill level 8 in Unarmed Combat
  7884 | D:7      | Reached skill level 5 in Invocations
  7894 | D:7      | Reached *** piety under Qazlal
  8136 | D:7      | Killed an unseen horror
  8137 | D:7      | Reached skill level 5 in Short Blades
  8137 | D:7      | Reached skill level 5 in Long Blades
  8137 | D:7      | Reached skill level 5 in Axes
  8137 | D:7      | Reached skill level 5 in Maces & Flails
  8137 | D:7      | Reached skill level 5 in Polearms
  8137 | D:7      | Reached skill level 5 in Staves
  8137 | D:7      | Reached skill level 5 in Ranged Weapons
  8137 | D:7      | Reached skill level 5 in Throwing
  8137 | D:7      | Reached skill level 5 in Armour
  8137 | D:7      | Reached skill level 5 in Stealth
  8137 | D:7      | Reached skill level 5 in Shields
  8137 | D:7      | Reached skill level 5 in Evocations
  8137 | D:7      | Reached XP level 10. HP: 17/76 MP: 18/20
  8337 | D:7      | Noticed Pikel
  8356 | D:7      | Killed Pikel
  8771 | D:7      | Noticed Dowan
  8774 | D:7      | Noticed Duvessa
  8779 | D:7      | Killed Dowan
  8791 | D:7      | Killed Duvessa
  9073 | D:7      | Found a hide-covered altar of Uskayaw.
  9122 | D:7      | Noticed a +0 hand axe
  9122 | D:7      | Noticed a +0 dagger
  9773 | D:7      | Noticed a gargoyle
  9773 | D:7      | Noticed a two-headed ogre
  9783 | D:7      | Killed a gargoyle
  9789 | D:7      | HP: 4/91 [two-headed ogre/+0 giant club (4)]
  9789 | D:7      | Demolished by a two-headed ogre

Illustrated notes

Levels and vault maps discovered:
D:1:      kb_arrival_jail, layout_basic, minmay_misc_feat_tower
D:2:      layout_basic, chequers_arboretum, kennysheep_generic_room_12
D:3:      layout_basic, grunt_temple_overflow_gold_and_silver,
          doesnt_xom_only_xom, hellmonk_ecumenical_altar_pennies_from_heaven
D:4:      layout_loops_ring, nicolae_overflow_crystal_walls, old_standard_altar,
          nicolae_elemental_shop, st_stairs_14, uniq_ijyb
D:5:      lemuel_insect_pit, layout_basic, led_sif_pool, fiery_altar_vehumet,
          grunt_decor_fettered
D:6:      layout_layer_cave, tso_oasis_becter, amcnicky_altar_gilded,
          minmay_temple_entry_fiery
D:7:      minmay_the_grid_four_pointed_star
          [minmay_the_grid_triangle_9x9_thin_v,
          minmay_the_grid_triangle_9x9_flanged_cone,
          minmay_the_grid_triangle_9x9_pentomino_pain,
          minmay_the_grid_triangle_9x9_zippers_vertical,
          minmay_the_grid_prize_shrinking_boxes], layout_layer_cave,
          dancing_weapons_uskayaw, roderic_lattice_a, uniq_pikel, uniq_duvessa

Skill      XL: |  1  2  3  4  5  6  7  8  9 10 |
---------------+-------------------------------+-----
Spellcasting   | 5 6 7 |  7.5
Invocations    | 1 2 3 4 5 6 |  6.0
Short Blades   | 1 2 3 5 |  5.4
Long Blades    | 1 2 3 5 |  5.4
Axes           | 1 2 3 5 |  5.4
Maces & Flails | 1 2 3 5 |  5.4
Polearms       | 1 2 3 5 |  5.4
Staves         | 1 2 3 5 |  5.4
Ranged Weapons | 1 2 3 5 |  5.4
Throwing       | 1 2 3 5 |  5.4
Armour         | 1 2 3 5 |  5.4
Stealth        | 1 2 3 5 |  5.4
Shields        | 1 2 3 5 |  5.4
Evocations     | 1 2 3 5 |  5.4
Conjurations   | 1 2 3 4 |  4.5
Hexes          | 1 2 3 4 |  4.5
Summonings     | 1 2 3 4 |  4.5
Necromancy     | 1 2 3 4 |  4.5
Translocations | 1 2 3 4 |  4.5
Fire Magic     | 1 2 3 4 |  4.5
Ice Magic      | 1 2 3 4 |  4.5
Air Magic      | 1 2 3 4 |  4.5
Earth Magic    | 1 2 3 4 |  4.5
Poison Magic   | 1 2 3 4 |  4.5
Fighting       | 3 4 5 6 |  6.1
Transmutations | 4 5 6 |  6.0
Dodging        | 5 6 7 |  7.2
Unarmed Combat | 7 8 |  8.6

Action                   |  1- 3 |  4- 6 |  7- 9 | 10-12 || total
-------------------------+-------+-------+-------+-------++-------
Melee: Unarmed           |    83 |   110 |   224 |    72 ||   489
       Kick              |    14 |     2 |       |       ||    16
       Headbutt          |     8 |       |       |       ||     8
       Bite              |     4 |     1 |       |     1 ||     6
       Punch             |       |     1 |       |       ||     1
 Cast: Beastly Appendage |    21 |     1 |       |       ||    22
       Spider Form       |    13 |    23 |    14 |       ||    50
       Wereblood         |       |     1 |     1 |       ||     2
       Ice Form          |       |       |    14 |     6 ||    20
Invok: Upheaval          |       |       |       |     1 ||     1
  Use: Scroll            |       |     4 |     2 |       ||     6
 Stab: Sleeping          |     2 |       |       |       ||     2
Armor: Robe              |     4 |     3 |     2 |       ||     9
       Skin              |     2 |     6 |    26 |    13 ||    47
Dodge: Dodged            |    41 |    98 |   133 |    40 ||   312
Block: Other             |       |     4 |    21 |    15 ||    40

Table legend: (Time is in decaauts)
 A = Elapsed time spent in this place.
 B = Non-inter-level travel time spent in this place.
 C = Inter-level travel time spent in this place.
 D = Time resting spent in this place.
 E = Time spent auto-exploring this place.
 F = Levels seen in this place.
 G = Mean time per level.
                   A        B        C        D        E       F      G
               +--------+--------+--------+--------+--------+-----+--------+
         Total |   9721 |   9562 |    159 |      0 |   8406 |   7 | 1388.7 |
       Dungeon |   9721 |   9562 |    159 |      0 |   8406 |   7 | 1388.7 |
               +--------+--------+--------+--------+--------+-----+--------+

Top non-repeatable levels by time:
     D:7: 2189 daAuts
     D:6: 1504 daAuts
     D:2: 1384 daAuts
     D:5: 1357 daAuts
     D:1: 1221 daAuts
     D:4: 1057 daAuts
     D:3: 1005 daAuts
